 Dungeon Crawl Stone Soup version 0.23.2-1-ga50397a (webtiles) character file.

Game seed: 622964455450854056

165 xveg the Sneak (level 5, 0/39 HPs)
             Began as a Human Assassin on May 7, 2019.
             Succumbed to an adder's poison
             ... on level 3 of the Dungeon.
             The game lasted 00:06:45 (3324 turns).

xveg the Sneak (Human Assassin)                     Turns: 3324, Time: 00:06:46

Health: 0/39       AC:  5    Str: 11    XL:     5   Next: 75%
Magic:  5/5        EV: 12    Int: 12    God:
Gold:   143        SH:  0    Dex: 15    Spells: 4/4 levels left

rFire    . . .     SeeInvis .   a - +2 dagger
rCold    . . .     Gourm    .   (no shield)
rNeg     . . .     Faith    .   r - +0 leather armour
rPois    .         Spirit   .   (no helmet)
rElec    .         Reflect  .   d - +0 cloak
rCorr    .         Harm     .   p - +0 pair of gloves
MR       .....                  (no boots)
Stlth    ++++......             (no amulet)
HPRegen  0.13/turn              n - ring of stealth
MPRegen  0.09/turn              (no ring)

@: lethally poisoned (0 -> -2)
A: no striking features
a: no special abilities


You were on level 3 of the Dungeon.
You were very hungry.

You visited 1 branch of the dungeon, and saw 3 of its levels.

You collected 143 gold pieces.

Inventory:

Hand Weapons
 a - a +2 dagger (weapon)
 b - a +0 blowgun
 u - a +0 hunting sling
Missiles
 f - a curare-tipped needle
 o - 88 sling bullets
Armour
 c - a +0 robe
 d - a +0 cloak (worn)
 p - a +0 pair of gloves (worn)
 r - a +0 leather armour (worn)
Jewellery
 n - a ring of stealth (left hand)
Scrolls
 e - a scroll of random uselessness {unknown}
 m - a scroll of teleportation
 t - a scroll of identify
Potions
 i - a potion of haste {unknown}
 j - 2 potions of ambrosia {unknown}
 k - a potion of invisibility {unknown}
 l - a potion of curing {unknown}
 s - a potion of berserk rage {unknown}
Comestibles
 g - 4 rations


   Skills:
 + Level 2.4 Fighting
 + Level 2.5 Short Blades
 + Level 0.3(1.6) Slings
 + Level 2.5(2.6) Throwing
 + Level 1.1 Armour
 * Level 2.2 Dodging
 * Level 5.4 Stealth


You had 4 spell levels left.
You didn't know any spells.
Your spell library was empty.

Dungeon Overview and Level Annotations

Branches:
Dungeon (3/15)

Altars:
Gozag

Annotations:
D:3 1 runed translucent door


Message History

The adder poisons you!
You feel sick.
You feel sick.
You are too injured to fight recklessly!
Really attack while wielding your +0 blowgun? [Y]es or [N]o only, please.
Really attack while wielding your +0 blowgun? [Y]es or [N]o only, please.
Really attack while wielding your +0 blowgun?
Okay, then.
The adder bites you.
You feel sick.
a - a +2 dagger (weapon)
The adder bites you.
* * * LOW HITPOINT WARNING * * *
The adder bites you but does no damage.
You feel sick. The adder barely misses you. The adder bites you.
* * * LOW HITPOINT WARNING * * *
You die...

#####..#####......#
#...#.))........###
#...#..####..####
#......# ##.##
#...#..# #..#
##...#..# #.## .
#....#..###.# #.
#._..#..#...# ##
#...##@.#.###
##..#..#..#
##.#SS#.## #.#.h..#
#.#r.### #.#...#
#...#......
#..l#######
#######....##


You could see 2 adders, a jackal, a frilled lizard and a rat.

Vanquished Creatures
  An orc priest (D:3)
  6 adders
  A shadow imp (D:3)
  3 worms (D:2)
  A dart slug (D:2)
  A leopard gecko (D:2)
  5 orcs (D:3)
  A ball python (D:3)
  3 bats
  4 giant cockroaches
  6 goblins
  4 hobgoblins
  7 jackals
  2 quokkas (D:2)
  4 frilled lizards
  5 kobolds
  6 rats
60 creatures vanquished.

Notes
Turn   | Place    | Note
-------+----------+-------------------------------------------
     0 | D:1      | xveg the Human Assassin began the quest for the Orb.
     0 | D:1      | Reached XP level 1. HP: 16/16 MP: 1/1
   306 | D:1      | Reached XP level 2. HP: 2/22 MP: 2/2
  1499 | D:2      | Reached XP level 3. HP: 21/27 MP: 3/3
  1507 | D:2      | Reached skill level 5 in Stealth
  1790 | D:2      | Reached XP level 4. HP: 33/33 MP: 4/4
  2945 | D:3      | Found a runed translucent door.
  3097 | D:3      | Reached XP level 5. HP: 23/39 MP: 5/5
  3108 | D:3      | Found an opulent altar of Gozag.
  3202 | D:3      | Reached skill level 1 in Armour
  3322 | D:3      | HP: 1/39 [adder (5)]
  3324 | D:3      | Succumbed to an adder's poison

Skill      XL: |  1  2  3  4  5 |
---------------+----------------+-----
Stealth        | 5 |  5.4
Dodging        | 2 |  2.2
Armour         | 1 |  1.1
Fighting       | |  2.4
Short Blades   | |  2.5
Slings         | |  0.3
Throwing       | |  2.5

Action                   |  1- 3 |  4- 6 || total
-------------------------+-------+-------++-------
Melee: Dagger            |    66 |   158 ||   224
 Fire: Blowgun           |     7 |    48 ||    55
       Hunting sling     |       |    15 ||    15
  Use: Potion            |     1 |     3 ||     4
       Scroll            |       |     4 ||     4
 Stab: Sleeping          |     7 |     2 ||     9
  Eat: Chunk             |     1 |     2 ||     3
       Ration            |       |     1 ||     1
Armor: Robe              |     1 |       ||     1
       Leather armour    |    14 |    45 ||    59
Dodge: Dodged            |    32 |   131 ||   163
